 Dungeon Crawl Stone Soup version 0.27-a0-869-g165b36e3f0 (webtiles) character file.

Game seed: 2237019007213537996

8697 robertstho the Protected (level 11, -1/100 HPs)
             Began as a Minotaur Delver on Apr 2, 2021.
             Was a High Priest of Okawaru.
             Slain by a black mamba (9 damage)
             ... on level 1 of the Lair of Beasts.
             The game lasted 00:18:36 (11269 turns).

robertstho the Protected (Minotaur Delver)         Turns: 11269, Time: 00:18:39

Health: -1/100     AC: 29    Str: 20    XL:     11   Next: 13%
Magic:  14/14      EV:  5    Int:  7    God:    Okawaru [*****.]
Gold:   622        SH:  9    Dex: 12    Spells: 10/10 levels left

rFire    . . .     SeeInvis .   s - +0 war axe
rCold    x . .     Faith    .   D - +0 kite shield
rNeg     . . .     Spirit   .   E - +3 plate armour of the Fife {rPois rF- Will++ rCorr}
rPois    +         Reflect  .   (helmet restricted)
rElec    +         Harm     .   G - +1 cloak
rCorr    +         Rampage  .   (no gloves)
Will     ++...                  I - +3 pair of boots of the Onion {rElec}
Stlth    ..........             (no amulet)
HPRegen  0.26/turn              k - +4 ring of protection
MPRegen  0.14/turn              b - ring of fire

@: no status effects
A: horns 2, retaliatory headbutt
a: Renounce Religion, Heroism, Finesse


You were on level 1 of the Lair of Beasts.
You worshipped Okawaru.
Okawaru was extremely pleased with you.
You visited 3 branches of the dungeon, and saw 11 of its levels.
You also visited: Sewer.

You collected 1474 gold pieces.
You spent 852 gold pieces at shops.

Inventory:

Hand Weapons
 s - a +0 war axe (weapon)
 y - a +5 morningstar
Missiles
 j - a throwing net (quivered)
 H - 2 curare-tipped darts
Armour
 w - a +0 plate armour
 D - a +0 kite shield (worn)
 E - the +3 plate armour of the Fife (worn) {rPois rF- Will++ rCorr}
   (You bought it in a shop on level 8 of the Dungeon)

   It makes you vulnerable to fire.
   It protects you from poison.
   It protects you from acid and corrosion.
   It greatly increases your willpower.
 G - a +1 cloak (worn)
 I - the +3 pair of boots of the Onion (worn) {rElec}
   (You bought it in a shop on level 8 of the Dungeon)

   It insulates you from electricity.
Jewellery
 b - a ring of fire (right hand)
 k - a +4 ring of protection (left hand)
 v - a ring of ice
Wands
 g - a wand of digging (2)
 p - a wand of iceblast (6)
 t - a wand of mindburst (21)
 C - a wand of polymorph (10)
Scrolls
 c - 2 scrolls of fog
 d - a scroll of blinking {unknown}
 e - 7 scrolls of fear
 f - 3 scrolls of magic mapping
 h - 2 scrolls of immolation {unknown}
 m - 2 scrolls of vulnerability {unknown}
 r - a scroll of holy word {unknown}
 B - a scroll of brand weapon
 F - 2 scrolls of enchant armour
Potions
 a - a potion of lignification
 i - a potion of heal wounds
 l - 6 potions of curing
 n - 2 potions of magic
 o - a potion of mutation
 q - 2 potions of cancellation
 u - a potion of ambrosia
 x - a potion of haste
 z - 2 potions of might
 A - a potion of flight


   Skills:
 * Level 10.2 Fighting
 + Level 11.3 Axes
 * Level 11.5 Armour
 + Level 3.6 Dodging
 - Level 4.1 Stealth
 + Level 4.1 Shields
 * Level 5.3 Invocations
 + Level 0.1 Evocations


You had 10 spell levels left.
You didn't know any spells.
Your spell library contained the following spells:

 Spells                   Type           Power      Damage    Failure   Level
 Beastly Appendage        Tmut           0%         N/A       100%        1
 Corona                   Hex            0%         N/A       100%        1
 Magic Dart               Conj           0%         1d3       100%        1
 Blink                    Tloc           N/A        N/A       100%        2
 Call Imp                 Summ           0%         N/A       100%        2
 Ensorcelled Hibernation  Hex/Ice        0%         N/A       100%        2
 Slow                     Hex            0%         N/A       100%        2
 Wereblood                Tmut           0%         N/A       100%        2
 Confusing Touch          Hex            0%         N/A       100%        3
 Conjure Flame            Conj/Fire      0%         6-21      100%        3
 Dazzling Flash           Conj/Hex       0%         N/A       100%        3
 Mephitic Cloud           Conj/Pois/Air  0%         N/A       100%        3
 Spider Form              Tmut/Pois      0%         N/A       100%        3
 Tukima's Dance           Hex            0%         N/A       100%        3
 Ice Form                 Ice/Tmut       0%         N/A       100%        4
 Bolt of Magma            Conj/Fire/Erth 0%         4d4       100%        5
 Hydra Form               Tmut           0%         N/A       100%        5
 Iskenderun's Battlesphe  Conj           0%         2d6       100%        5
 Iron Shot                Conj/Erth      0%         9d1       100%        6
 Orb of Destruction       Conj           0%         N/A       100%        7
 Spellforged Servitor     Conj/Summ      0%         N/A       100%        7


Dungeon Overview and Level Annotations

Branches:
Dungeon (9/15)             Temple (1/1) D:4            Lair (1/6) D:9
  Sewer (visited)
    Orc: D:9-12

Altars:
Ashenzari
Cheibriados
Dithmenos
Elyvilon
Fedhas
Gozag
Kikubaaqudgha
Makhleb
Nemelex Xobeh
Okawaru
Qazlal
Ru
Sif Muna
Trog
Uskayaw
Vehumet
Wu Jian
Xom
Yredelemnul
Zin
The Shining One

Shops:
D:7 ?   D:8 [*?*

Annotations:
D:4 2 transporters, dolemite99's ghost, amateur DENe
D:8 Good armour shop


Innate Abilities, Weirdness & Mutations

You have a pair of horns on your head.
You reflexively headbutt those who attack you in melee.


Message History

The black mamba bites you but does no damage. x2
The electric eel shoots out a bolt of lightning at you!
The bolt of electricity hits you but does no damage.
The bolt of electricity hits you. You resist.
Your shield and plate armour of the Fife prevent you from hitting the black mamba.
The black mamba is severely wounded.
You feel very sick. The black mamba bites you!
You block the black mamba's attack.
You are too injured to fight recklessly!
You are too injured to fight recklessly!
You are too injured to fight recklessly!
You are too injured to fight recklessly!
You are too injured to fight recklessly!
You are too injured to fight recklessly!
You feel sick. You block the black mamba's attack.
You feel sick. The black mamba barely misses you.
You feel sick. You block the black mamba's attack.
You hit the black mamba.
The black mamba is severely wounded.
You feel sick.
The black mamba bites you but does no damage.
The black mamba bites you!
* * * LOW HITPOINT WARNING * * *
You hit the black mamba but do no damage.
The black mamba is severely wounded.
You feel sick. The black mamba bites you!
* * * LOW HITPOINT WARNING * * *
The black mamba bites you but does no damage.
You closely miss the black mamba.
The black mamba is severely wounded.
You feel sick. The black mamba bites you.
* * * LOW HITPOINT WARNING * * *
The black mamba bites you but does no damage.
You miss the black mamba.
The black mamba is severely wounded.
You feel sick.
You are no longer poisoned.
The black mamba bites you but does no damage.
The black mamba bites you!
You die...

#.≈≈≈≈P≈≈PP≈≈.
#.PP≈P≈≈≈≈≈P≈.
#.≈≈≈;.P≈P≈P≈.
##.P.....≈≈.≈≈.
#P.............#
#.............# #
#..##..####.....# ####
#....##S#P#....#.###.#.
##....@...........[....
###............≈≈.≈....
###.#.........≈.≈≈≈≈≈≈...
...............≈≈≈≈≈≈≈≈..
.#..P...####..≈≈≈≈≈≈≈≈≈≈.
####...## #..≈≈≈≈≈≈≈≈≈..
##..#.##.#≈≈≈≈.<.≈≈≈..
#..........≈≈≈≈≈.≈≈≈..
##.........≈≈≈≈≈≈≈≈≈≈.


You could see a black mamba.

Vanquished Creatures
  The ghost of Shayle the Skirmisher, a novice DsWr of Wu Jian (D:8)
  A gargoyle (D:9)
  A cane toad (Lair:1)
  A troll (D:8)
  A hornet (D:7)
  Sigmund (D:3)
  2 wyverns
  7 yaks (D:8)
  Grum (D:8)
  2 steam dragons
  8 water moccasins
  A sky beast (D:8)
  2 ice beasts
  3 black bears
  2 orc warriors
  2 necrophages (D:4)
  4 ogres
  4 wolves (D:8)
  2 centaurs
  3 phantoms
  4 kobold brigands
  3 gnoll sergeants
  2 bullfrogs
  A wyvern zombie (D:8)
  A scorpion (D:6)
  A water moccasin zombie (D:7)
  A water moccasin skeleton (D:5)
  7 killer bees
  13 wights
  A howler monkey (D:8)
  An electric eel (Lair:1)
  An orc priest (D:7)
  4 hounds
  2 jellies
  3 bullfrog skeletons
  5 orc wizards
  A howler monkey zombie (D:8)
  8 gnolls
  A howler monkey skeleton (D:7)
  8 adders
  3 worms
  2 dart slugs
  27 orcs
  7 ball pythons
  4 endoplasms
  5 giant cockroaches
  11 goblins
  12 hobgoblins
  6 iguanas
  16 jackals
  7 quokkas
  5 bats
  5 frilled lizards
  29 kobolds
  11 rats
267 creatures vanquished.

Vanquished Creatures (others)
  19 plants
19 creatures vanquished.

Grand Total: 286 creatures vanquished

Notes
Turn   | Place    | Note
-------+----------+-------------------------------------------
     0 | D:5      | robertstho the Minotaur Delver began the quest for the Orb.
     0 | D:5      | Reached XP level 1. HP: 19/19 MP: 0/0
   144 | D:5      | Noticed an ogre
   296 | D:4      | Reached skill level 1 in Armour
   296 | D:4      | Reached XP level 2. HP: 15/27 MP: 1/1
   398 | D:4      | Noticed a phantom
   409 | D:3      | Reached XP level 3. HP: 31/33 MP: 2/2
   472 | D:3      | Found a hide-covered altar of Uskayaw.
   489 | D:3      | Found a shadowy altar of Dithmenos.
   544 | D:3      | Noticed an ice beast
   565 | D:3      | Killed an ice beast
   566 | D:3      | Reached skill level 5 in Fighting
   566 | D:3      | Reached XP level 4. HP: 11/42 MP: 3/3
   595 | D:3      | Found a glowing drain.
   598 | Sewer    | Entered a sewer
   881 | Sewer    | Reached XP level 5. HP: 47/48 MP: 4/4
  1826 | D:3      | Found a shimmering altar of Xom.
  2184 | D:3      | Found a faded altar of an unknown god.
  2184 | D:3      | Noticed Sigmund
  2449 | D:2      | Reached XP level 6. HP: 51/57 MP: 5/5
  2593 | D:2      | You fall into a shaft and drop 2 floors!
  2619 | D:4      | Reached skill level 5 in Axes
  2714 | D:4      | Found a staircase to the Ecumenical Temple.
  2727 | D:4      | Found a transporter.
  2740 | Temple   | Entered the Ecumenical Temple
  2886 | Temple   | Became a worshipper of Warmaster Okawaru
  2916 | D:4      | Found a transporter.
  2917 | D:4      | Noticed dolemite99's ghost (amateur DENe)
  2922 | D:4      | Reached XP level 7. HP: 53/64 MP: 6/6
  2929 | D:4      | Reached skill level 5 in Armour
  2929 | D:4      | Reached skill level 1 in Invocations
  3044 | D:4      | Reached * piety under Okawaru
  3116 | D:4      | You fall into a shaft and drop 3 floors!
  3132 | D:7      | Reached XP level 8. HP: 16/73 MP: 5/8
  3438 | D:6      | Reached ** piety under Okawaru
  3672 | D:6      | Found a radiant altar of Vehumet.
  4326 | D:5      | Reached *** piety under Okawaru
  4327 | D:5      | Reached XP level 9. HP: 61/81 MP: 10/10
  4600 | D:4      | Found a sparkling altar of Nemelex Xobeh.
  4600 | D:4      | Found a snail-covered altar of Cheibriados.
  4778 | D:3      | Killed Sigmund
  6409 | D:5      | Found a bloodstained altar of Trog.
  6835 | D:7      | Found a sacrificial altar of Ru.
  6855 | D:7      | Found Haggohig's Magic Scroll Emporium.
  6864 | D:7      | Bought a scroll of noise for 13 gold pieces
  6864 | D:7      | Bought a scroll of amnesia for 45 gold pieces
  6864 | D:7      | Bought a scroll of enchant armour for 97 gold pieces
  6864 | D:7      | Bought a scroll of torment for 97 gold pieces
  6885 | D:7      | Reached skill level 1 in Shields
  7105 | D:7      | Found a basalt altar of Yredelemnul.
  7384 | D:7      | Reached **** piety under Okawaru
  7545 | D:7      | Paralysed by a hornet for 2 turns
  7553 | D:7      | Reached skill level 10 in Armour
  8009 | D:8      | Reached XP level 10. HP: 78/90 MP: 12/12
  8056 | D:8      | Found Ylugao's Antique Armour Shop.
  8132 | D:8      | Reached ***** piety under Okawaru
  8133 | D:8      | Reached skill level 10 in Axes
  8358 | D:8      | Noticed Grum
  8384 | D:8      | Killed Grum
  8672 | D:8      | Found Jaxusch's Assorted Antiques.
  8692 | D:8      | Found Adehuamm's Magic Scroll Shop.
  8777 | D:8      | Found Milomm's Assorted Antiques.
  8838 | D:8      | Noticed Shayle's ghost (novice DsWr)
  8839 | D:8      | Found a runed translucent gate.
  8839 | D:8      | Found a runed translucent gate.
  8840 | D:8      | Found a runed translucent gate.
  9329 | D:8      | Received a gift from Okawaru
  9330 | D:8      | Reached skill level 5 in Invocations
  9365 | D:8      | Killed Shayle's ghost
  9764 | D:9      | Found a staircase to the Lair.
  9913 | D:9      | Noticed a gargoyle
  9927 | D:9      | Killed a gargoyle
 10166 | D:9      | Reached skill level 10 in Fighting
 10185 | D:9      | Reached XP level 11. HP: 52/99 MP: 13/13
 10781 | D:9      | Identified a scroll of acquirement
 10783 | D:9      | Acquired 821 gold pieces
 10817 | D:8      | Bought a jade-encrusted plate armour for 448 gold pieces
 10817 | D:8      | Identified the +3 plate armour of the Fife {rPois rF-
                  | Will++ rCorr} (You bought it in a shop on level 8 of the
                  | Dungeon)
 10817 | D:8      | Bought a pair of ichor-stained boots for 152 gold pieces
 10817 | D:8      | Identified the +3 pair of boots of the Onion {rElec} (You
                  | bought it in a shop on level 8 of the Dungeon)
 10894 | Lair:1   | Entered Level 1 of the Lair of Beasts
 11269 | Lair:1   | Slain by a black mamba

Illustrated notes

Levels and vault maps discovered:
D:1:      roderic_chinese_lattice_arrival, layout_basic, minmay_fountain_box
D:2:      layout_rooms, st_stairs_4, grunt_ministairs_2, grunt_decor_cap
D:3:      layout_loops_cross, nicolae_uskayaw_suspiria, dk_xom_monty_hall,
          grunt_dithmenos_smoke_and_mirrors, gup_sewer_entry_spiral,
          ebering_ecumenical_altar_box, kennysheep_nub, uniq_sigmund
D:4:      layout_rooms, gammafunk_temple_overflow_statue,
          minmay_temple_entry_wispy, gammafunk_ghost_arena
D:5:      layout_basic, old_standard_altar
D:6:      layout_gridville, vehumet_altar_wand_db, serial_glass,
          glass_columns_a, glass_columns_a
D:7:      layout_loops_cross, lemuel_doored_altar, lemuel_round_altar,
          serial_shops, shop, minmay_fractal_squares_gapless_5
D:8:      layout_loops_ring, gammafunk_ghost_split, serial_shops, shop,
          nicolae_shop_crystal, shop, shop_fountains, uniq_grum
D:9:      layout_roguey, lair_entry_dummy
Temple:   oiseaux_autumnal_temple
Lair:1:   layout_gridlike, minmay_lair_oklob_chamber, serial_bayou_shore_a,
          infiniplex_staircase_pool_2

Skill      XL: |  1  2  3  4  5  6  7  8  9 10 11 |
---------------+----------------------------------+-----
Fighting       | 4 5 6 7 8 10 | 10.2
Armour         | 1 2 3 4 5 8 10 11 | 11.5
Axes           | 3 4 5 6 8 9 11 | 11.3
Invocations    | 2 3 4 5 |  5.3
Dodging        | 3 |  3.6
Shields        | 2 3 4 |  4.1
Stealth        | |  4.1
Evocations     | |  0.1

Action                   |  1- 3 |  4- 6 |  7- 9 | 10-12 || total
-------------------------+-------+-------+-------+-------++-------
Melee: Hand axe          |    23 |   163 |       |       ||   186
       Headbutt          |     8 |    35 |    62 |    63 ||   168
       War axe           |       |    39 |   357 |   304 ||   700
Invok: Heroism           |       |       |     4 |     3 ||     7
       Finesse           |       |       |       |     1 ||     1
Evoke: Wand              |     1 |       |       |       ||     1
  Use: Potion            |     2 |       |     2 |     3 ||     7
       Scroll            |     1 |     1 |     5 |     6 ||    13
Armor: Chain mail        |    15 |   138 |    30 |       ||   183
       Plate armour      |       |       |   260 |   213 ||   473
Dodge: Dodged            |     8 |    97 |   126 |   108 ||   339
Block: Buckler           |       |       |    41 |    29 ||    70
       Kite shield       |       |       |       |    85 ||    85

Table legend: (Time is in decaauts)
 A = Elapsed time spent in this place.
 B = Non-inter-level travel time spent in this place.
 C = Inter-level travel time spent in this place.
 D = Time resting spent in this place.
 E = Time spent auto-exploring this place.
 F = Levels seen in this place.
 G = Mean time per level.
                   A        B        C        D        E       F      G
               +--------+--------+--------+--------+--------+-----+--------+
         Total |  11518 |  11171 |    347 |    966 |   8287 |  12 |  959.8 |
       Dungeon |   9813 |   9485 |    328 |    712 |   7082 |   9 | 1090.3 |
        Temple |    166 |    147 |     19 |      0 |    130 |   1 |  166.0 |
          Lair |    384 |    384 |      0 |      0 |    291 |   1 |  384.0 |
         Sewer |   1153 |   1153 |      0 |    254 |    783 |   1 | 1153.0 |
               +--------+--------+--------+--------+--------+-----+--------+

Top non-repeatable levels by time:
     D:8: 1811 daAuts
     D:7: 1441 daAuts
     D:5: 1220 daAuts
   Sewer: 1153 daAuts
     D:9: 1100 daAuts
     D:3: 1092 daAuts
     D:4: 925 daAuts
     D:1: 856 daAuts
     D:6: 832 daAuts
     D:2: 533 daAuts
  Lair:1: 384 daAuts
  Temple: 166 daAuts
